 Dungeon Crawl Stone Soup version 0.21.1-1-g345015fe64 (webtiles) character file.

201088 KamiKatze the Executioner (level 17, 0/241 HPs)
             Began as a Minotaur Berserker on July 27, 2018.
             Was the Champion of Trog.
             Slain by a crystal guardian (17 damage)
             ... in the Desolation of Salt on July 28, 2018.
             The game lasted 02:48:23 (29389 turns).

KamiKatze the Executioner (Minotaur Berserker)     Turns: 29389, Time: 02:48:24

Health: 0/241      AC: 27    Str: 34    XL:     17   Next: 90%
Magic:  16/16      EV: 16    Int:  4    God:    Trog [******]
Gold:   1665       SH:  0    Dex: 10    Spells: 16/16 levels left

rFire    . . .     SeeInvis +   a - +5 battleaxe (chop)
rCold    . . .     Gourm    .   (shield currently unavailable)
rNeg     . . .     Faith    .   m - +4 chain mail
rPois    +         Spirit   .   J - +2 hat {SInv}
rElec    .         Reflect  .   p - +2 cloak
rCorr    +         Harm     .   T - +0 pair of gloves
MR       +....                  C - +0 pair of boots
Stlth    ..........             o - amulet of regeneration
HPRegen  0.90/turn              P - ring of resist corrosion
MPRegen  0.15/turn              y - ring of poison resistance

@: berserking, lethally poisoned (0 -> -2), very quick
A: retaliatory headbutt, horns 2
}: 1/15 runes: serpentine
a: Berserk, Trog's Hand, Brothers in Arms, Burn Spellbooks, Renounce Religion


You were in the Desolation of Salt.
You worshipped Trog.
Trog was exalted by your worship.
You were hungry.

You visited 6 branches of the dungeon, and saw 29 of its levels.
You also visited: Desolation.

You collected 2491 gold pieces.
You spent 826 gold pieces at shops.

Inventory:

Hand Weapons
 a - a +5 battleaxe of chopping (weapon)
 b - a +1 scimitar of flaming
 u - a +2 antimagic battleaxe
 w - the +5 broad axe of the Final Decision {chop, rF+ MR+ Dex+4 Stlth-}
   (Trog gifted it to you on level 2 of the Orcish Mines)

   It inflicts extra damage upon your enemies.
   It affects your dexterity (+4).
   It protects you from fire.
   It affects your resistance to hostile enchantments.
   It makes you less stealthy.
Missiles
 D - 45 tomahawks (quivered)
 N - a throwing net
 U - 5 javelins
Armour
 m - a +4 chain mail (worn)
 p - a +2 cloak (worn)
 C - a +0 pair of boots (worn)
 J - a +2 hat of see invisible (worn)
 T - a +0 pair of gloves (worn)
Jewellery
 o - an amulet of regeneration (around neck)
 t - an uncursed ring of ice
 y - a ring of poison resistance (right hand)
 P - a ring of resist corrosion (left hand)
 Q - a +3 ring of intelligence
Wands
 d - a wand of iceblast (21)
 e - a wand of scattershot (4)
 r - a wand of disintegration (28)
 A - a wand of clouds (6)
 H - a wand of digging (9)
 O - a wand of acid (32)
 S - a wand of flame (91)
 V - a wand of polymorph (23)
Scrolls
 i - 6 scrolls of remove curse
 k - 2 scrolls of blinking
 q - 12 scrolls of teleportation
 v - 5 scrolls of fear
 x - a scroll of fog
 z - 4 scrolls of holy word
 E - 5 scrolls of identify
 G - 6 scrolls of magic mapping
Potions
 f - a potion of heal wounds
 g - 2 potions of might
 h - 3 potions of cancellation
 j - 6 potions of lignification
 l - 7 potions of flight
 s - 5 potions of invisibility
 B - 20 potions of curing
 F - a potion of agility
 I - a potion of haste
 K - a potion of resistance
Miscellaneous
 M - a lightning rod (4/4)
Comestibles
 c - 35 rations
 n - 4 chunks of flesh


   Skills:
 + Level 17.1 Fighting
 * Level 22.7 Axes
 + Level 17.1 Armour
 + Level 15.9 Dodging


You had 16 spell levels left.
You didn't know any spells.

Dungeon Overview and Level Annotations

Branches:
Dungeon (15/15)            Temple (1/1) D:4            Lair (6/6) D:8
 Shoals (0/4) Lair:4        Snake (4/4) Lair:4        Slime (0/5) Lair:5
    Orc (2/2) D:11            Elf (0/3) Orc:2        Vaults (1/5) D:13
 Depths (0/5) D:15

Altars:
Ashenzari
Cheibriados
Dithmenos
Elyvilon
Fedhas
Gozag
Hepliaklqana
Kikubaaqudgha
Makhleb
Nemelex Xobeh
Okawaru
Qazlal
Ru
Sif Muna
Trog
Uskayaw
Vehumet
Wu Jian
Xom
Yredelemnul
Zin
The Shining One

Shops:
D:4 !***   D:9 *   Orc:2 =*=*   Snake:4 (   Vaults:1 [

Annotations:
Lair:2 2 exclusions


Innate Abilities, Weirdness & Mutations

You reflexively headbutt those who attack you in melee.
You have a pair of horns on your head.


Message History

You feel much better.
You feel sick.
The crystal guardian fires a crystalline bolt at you.
The crystal bolt freezes you!
* * * LOW HITPOINT WARNING * * *
Unknown command.
You feel much better.
You feel sick.
The crystal guardian glitters, brittle, in the dim dungeon light.
The crystal guardian hits you!
* * * LOW HITPOINT WARNING * * *
A red film seems to cover your vision as you go berserk!
You feel yourself moving faster!
You feel mighty!
You are feeling hungry.
You feel sick.
The crystal guardian fires a crystalline bolt at you.
The crystal bolt freezes you!
* * * LOW HITPOINT WARNING * * *
You slice the crystal guardian!!
The crystal guardian is heavily damaged.
You feel sick. The crystal guardian hits you!
You die...

#############################
#############################
#############################
#############################
#############################
#############################
.............................
..........................#.§
................@8..........§
###..####............).......
..#..#.[#...............#.###
..#)}#..#...§...............
..####=.#...§.§§§..#.#.......
........#..§§.§§§..#§##......
........#§.§§§.§§§§§.# .#..).
###.)####§§§§§§§§§§§§# .}#..#
..#..#[...§.§.§§§§§§§#


You could see a crystal guardian.

Vanquished Creatures
  Rupert (D:12)
  Gastronok (Lair:1)
  Kirke (Snake:3)
  9 nagarajas
  The ghost of Fascinator the Fighter, a journeyman GnWn of Ru (D:14)
  An orc warlord (Orc:1)
  A dire elephant (D:15)
  The ghost of Chudej the Destroyer, a journeyman DECj of Sif Muna (D:14)
  A halazid warlock (Desolation)
  A crystal guardian (Desolation)
  An ettin (Orc:1)
  5 ragged hierophants (Desolation)
  5 servants of whispers (Desolation)
  6 peacekeepers
  11 naga warriors
  7 hydras
  3 centaur warriors
  A catoblepas (Lair:6)
  Fannar (D:10)
  Erica (D:8)
  The ghost of Fascinator the Grappler, a novice TrMo (D:8)
  11 anacondas
  13 two-headed ogres
  A deep troll shaman (Lair:6)
  The ghost of advs0220 the Carver, a novice DsBe of Trog (Lair:1)
  2 ogre magi (Orc:2)
  An orc high priest (Orc:2)
  Nergalle (Lair:1)
  5 death yaks (Lair:6)
  A tengu warrior (D:14)
  Urug (Orc:1)
  21 naga sharpshooters
  9 shock serpents
  A salamander mystic (Snake:2)
  3 skeletal warriors (D:14)
  An iron troll (Orc:2)
  An unseen horror (Vaults:1)
  2 wizards (D:15)
  A deep troll (Orc:2)
  8 naga ritualists
  An ironbrand convoker (Desolation)
  Pikel (D:8)
  13 ugly things
  14 mana vipers
  An orc sorcerer (Orc:1)
  10 salamanders
  An orc knight (D:13)
  3 slime creatures (D:13)
  9 cyclopes
  A manticore (D:15)
  16 elephants
  Joseph (D:8)
  3 guardian serpents
  Maurice (D:8)
  34 black mambas
  7 spiny frogs
  30 naga magi
  6 komodo dragons
  A rime drake (Lair:6)
  A tengu conjurer (D:14)
  12 trolls
  2 hornets (D:12)
  4 polar bears
  4 dream sheep (Lair:4)
  37 saltlings
  20 blink frogs
  12 hippogriffs
  The ghost of flt the Insei, an amateur OpTm (D:3)
  A vampire (D:12)
  A wraith (D:15)
  2 wyverns
  21 yaks
  A hog (Snake:3)
  2 hungry ghosts
  16 humans
  4 basilisks
  A steam dragon (D:13)
  17 vampire mosquitoes
  39 nagas
  A soldier ant (D:15)
  A warg (Orc:1)
  3 acid dragons
  9 water moccasins
  7 porcupines
  4 sky beasts
  2 ice beasts
  16 orc warriors
  2 phantoms
  2 black bears
  19 wolves
  A necrophage (D:7)
  27 ogres
  8 crocodiles
  3 centaurs
  13 bullfrogs
  3 wyvern skeletons
  9 scorpions
  5 wights
  3 electric eels
  2 jellies
  3 centaur zombies
  5 crimson imps
  4 centaur skeletons
  5 hounds
  17 orc priests
  4 bullfrog skeletons
  6 iguanas
  Natasha (thrice) (D:3)
  14 orc wizards
  10 worker ants
  A hound skeleton (D:6)
  3 hound zombies
  2 worker ant zombies
  10 adders
  6 shadow imps
  2 adder zombies
  2 adder skeletons (D:8)
  3 worms
  2 dart slugs
  3 leopard geckos (D:3)
  57 orcs
  18 bats
  15 giant cockroaches
  9 hobgoblins
  9 jackals
  5 quokkas
  5 frilled lizards
  A giant cockroach zombie (D:5)
  6 goblins
  A jackal skeleton (D:5)
  9 kobolds
  2 leopard gecko skeletons (D:6)
  9 rats
  7 fungi
  8 plants
901 creatures vanquished.

Vanquished Creatures (others)
  An ugly thing (D:14)
  Psyche (D:8)
  5 dream sheep (D:11)
  4 humans (Snake:3)
  A slave (D:8)
  9 fungi
  A plant (Lair:4)
22 creatures vanquished.

Grand Total: 923 creatures vanquished

Notes
Turn   | Place    | Note
-------+----------+-------------------------------------------
     0 | D:1      | KamiKatze the Minotaur Berserker began the quest for the Orb.
     0 | D:1      | Reached XP level 1. HP: 19/19 MP: 0/0
   171 | D:1      | Reached XP level 2. HP: 27/27 MP: 1/1
   211 | D:1      | Reached skill level 4 in Axes
   490 | D:2      | Reached XP level 3. HP: 28/33 MP: 2/2
   610 | D:2      | Reached ** piety under Trog
   869 | D:2      | Reached XP level 4. HP: 40/40 MP: 3/3
   938 | D:2      | Found a stormy altar of Qazlal.
  1032 | D:2      | Found a snail-covered altar of Cheibriados.
  1160 | D:3      | Noticed flt's ghost (amateur OpTm)
  1173 | D:3      | Killed flt's ghost
  1173 | D:3      | Reached skill level 5 in Axes
  1173 | D:3      | Reached XP level 5. HP: 47/47 MP: 4/4
  1220 | D:3      | Noticed Natasha
  1227 | D:3      | Killed Natasha
  1227 | D:3      | Reached XP level 6. HP: 55/55 MP: 5/5
  1313 | D:3      | Noticed Natasha
  1319 | D:3      | Killed Natasha
  1319 | D:3      | Reached skill level 5 in Fighting
  1319 | D:3      | Reached skill level 6 in Axes
  1353 | D:3      | Noticed Natasha
  1363 | D:3      | Killed Natasha
  1502 | D:3      | Reached *** piety under Trog
  1692 | D:3      | Found a white marble altar of Elyvilon.
  1885 | D:4      | Found a staircase to the Ecumenical Temple.
  1893 | Temple   | Entered the Ecumenical Temple
  1996 | D:4      | Got a faintly glowing glass ring
  1997 | D:4      | Identified the ring "Fabbud" {MR+ Str-3 Slay+5 Stlth-} (You found it on level 4 of the Dungeon)
  2030 | D:4      | Found Weanga's Assorted Antiques.
  2058 | D:4      | Bought a scroll labeled SIS HYFANNARO for 19 gold pieces
  2058 | D:4      | Bought a scroll labeled OKUS ATUFO for 19 gold pieces
  2058 | D:4      | Bought a white potion for 17 gold pieces
  2079 | D:4      | Reached XP level 7. HP: 50/61 MP: 6/6
  2105 | D:4      | Found Zumo's Distillery.
  2114 | D:4      | Bought a potion of degeneration for 12 gold pieces
  2339 | D:4      | Found Polonnit's General Store.
  2452 | D:4      | Found Iqoagy's General Store.
  2460 | D:4      | Bought a scroll of remove curse for 36 gold pieces
  2480 | D:4      | Reached skill level 7 in Axes
  2554 | D:4      | Found a blossoming altar of Fedhas.
  2554 | D:4      | Found a stormy altar of Qazlal.
  2555 | D:4      | Found an ornate altar of the Wu Jian Council.
  2636 | D:4      | Found a sacrificial altar of Ru.
  2636 | D:4      | Found a bloodstained altar of Trog.
  2801 | D:5      | Entered Level 5 of the Dungeon
  2949 | D:5      | Reached skill level 5 in Armour
  3509 | D:6      | Found a transporter.
  3509 | D:6      | Found a transporter.
  3517 | D:6      | Noticed a cyclops
  3588 | D:6      | Reached skill level 5 in Dodging
  3588 | D:6      | Reached XP level 8. HP: 32/70 MP: 7/7
  3669 | D:6      | Reached skill level 8 in Axes
  3740 | D:6      | Found a hazy altar of Hepliaklqana.
  3855 | D:6      | Reached **** piety under Trog
  4296 | D:6      | Reached skill level 9 in Axes
  4341 | D:6      | Found the +7 Singing Sword
  4793 | D:7      | Noticed a hippogriff
  4817 | D:7      | Killed a hippogriff
  4817 | D:7      | Reached XP level 9. HP: 41/78 MP: 8/8
  5085 | D:7      | Reached skill level 10 in Axes
  5277 | D:8      | Noticed Joseph
  5318 | D:8      | Noticed Fascinator's ghost (novice TrMo)
  5484 | D:4      | Bought a +0 broad axe for 48 gold pieces
  5637 | D:8      | Found a transporter.
  5658 | D:8      | Found a transporter.
  5659 | D:8      | Found a staircase to the Lair.
  5708 | D:8      | Killed Fascinator's ghost
  5708 | D:8      | Reached skill level 11 in Axes
  5907 | D:8      | Noticed Pikel
  5936 | D:8      | Killed Pikel
  5936 | D:8      | Reached XP level 10. HP: 78/89 MP: 9/9
  5974 | D:8      | Killed Psyche
  5975 | D:8      | Noticed Maurice
  5991 | D:8      | Killed Maurice
  6143 | D:8      | Found a basalt altar of Yredelemnul.
  6145 | D:8      | Noticed a two-headed ogre
  6156 | D:8      | Killed a two-headed ogre
  6156 | D:8      | Reached skill level 12 in Axes
  6216 | D:8      | Found a sparkling altar of Nemelex Xobeh.
  6231 | D:8      | Found a hide-covered altar of Uskayaw.
  6298 | D:8      | Found a shimmering altar of Xom.
  6440 | D:9      | Noticed a two-headed ogre
  6449 | D:9      | Killed a two-headed ogre
  6728 | D:9      | Found Mympon's Assorted Antiques.
  6734 | D:9      | Bought 2 dark potions for 41 gold pieces
  6734 | D:9      | Bought a scroll labeled GORUYT IBRIA for 23 gold pieces
  6734 | D:9      | Bought a scroll labeled GORUYT IBRIA for 23 gold pieces
  6734 | D:9      | Bought a dented garnet amulet for 115 gold pieces
  6734 | D:9      | Bought a scroll labeled WYMECUCZUO for 23 gold pieces
  7101 | Lair:1   | Entered Level 1 of the Lair of Beasts
  7101 | Lair:1   | Noticed a black mamba
  7112 | Lair:1   | Killed a black mamba
  7446 | D:6      | Killed a cyclops
  7785 | Lair:1   | Reached XP level 11. HP: 68/98 MP: 7/10
  7825 | Lair:1   | Noticed Gastronok
  7825 | Lair:1   | Noticed Erica
  7845 | D:8      | Killed Erica
  7845 | D:8      | Reached skill level 13 in Axes
  7865 | D:8      | Killed Joseph
  7865 | D:8      | Reached skill level 10 in Fighting
  7945 | Lair:1   | Noticed Nergalle
  7962 | Lair:1   | Noticed a spectral orc warlord
  8029 | Lair:1   | Killed Gastronok
  8034 | Lair:1   | Killed Nergalle
  8034 | Lair:1   | Reached skill level 10 in Armour
  8340 | Lair:1   | Reached skill level 14 in Axes
  8860 | Lair:1   | Noticed advs0220's ghost (novice DsBe)
  8869 | Lair:1   | Killed advs0220's ghost
  9138 | Lair:2   | Reached skill level 10 in Dodging
  9138 | Lair:2   | Reached XP level 12. HP: 70/109 MP: 9/11
  9550 | Lair:2   | Reached ***** piety under Trog
  9862 | Lair:3   | Reached skill level 15 in Axes
 10024 | Lair:3   | Noticed an eight-headed hydra
 10045 | Lair:3   | Killed a four-headed hydra
 10489 | Lair:3   | Found a white marble altar of Elyvilon.
 11312 | Lair:4   | Received a gift from Trog
 11600 | Lair:4   | Found a staircase to the Snake Pit.
 11669 | Lair:4   | Found a staircase to the Shoals.
 11777 | Lair:4   | Reached skill level 16 in Axes
 11884 | Lair:4   | Noticed an eight-headed hydra
 11891 | Lair:4   | Killed a four-headed hydra
 12183 | Lair:5   | Noticed a six-headed hydra
 12209 | Lair:5   | Killed a three-headed hydra
 12209 | Lair:5   | Reached XP level 13. HP: 107/118 MP: 6/12
 12643 | Lair:5   | Found a staircase to the Slime Pits.
 12975 | Lair:6   | Entered Level 6 of the Lair of Beasts
 14152 | Lair:6   | Reached skill level 17 in Axes
 15021 | D:10     | Entered Level 10 of the Dungeon
 15508 | D:10     | Noticed Fannar
 15533 | D:10     | Killed Fannar
 16095 | D:11     | Found a shimmering altar of Xom.
 16536 | D:11     | Found a staircase to the Orcish Mines.
 16571 | Orc:1    | Entered Level 1 of the Orcish Mines
 16589 | Orc:1    | Noticed Urug
 16685 | Orc:1    | Received a gift from Trog
 16690 | Orc:1    | Killed Urug
 16690 | Orc:1    | Reached XP level 14. HP: 87/129 MP: 7/13
 17242 | Orc:2    | Entered Level 2 of the Orcish Mines
 17242 | Orc:2    | Found a staircase to the Elven Halls.
 17354 | Orc:2    | Noticed an orc warlord
 17371 | Orc:1    | Killed an orc warlord
 17602 | Orc:2    | Received a gift from Trog
 17603 | Orc:2    | Reached skill level 18 in Axes
 17609 | Orc:2    | Got a blackened broad axe {god gift}
 17647 | Orc:2    | Identified the +5 broad axe of the Final Decision {chop, rF+ MR+ Dex+4 Stlth-} (Trog gifted it to you on level 2 of the Orcish Mines)
 18405 | Orc:2    | Found Limaon's Jewellery Boutique.
 18405 | Orc:2    | Found Zoaxtu's Jewellery Shop.
 18534 | Orc:2    | Found Faiza's Assorted Antiques.
 18558 | Orc:2    | Found Milec's General Store.
 18745 | Orc:2    | Bought an uncursed amulet of regeneration for 450 gold pieces
 19556 | D:13     | Found a gate to the Vaults.
 19556 | D:13     | Noticed Rupert
 19624 | D:12     | Reached ****** piety under Trog
 19697 | D:12     | Killed Rupert
 19697 | D:12     | Reached skill level 19 in Axes
 19702 | D:12     | Reached XP level 15. HP: 121/139 MP: 14/14
 19758 | D:13     | Received a gift from Trog
 20467 | D:14     | Noticed Fascinator's ghost (journeyman GnWn)
 20469 | D:14     | Found a sacrificial altar of Ru.
 20500 | D:14     | Killed Fascinator's ghost
 20757 | D:14     | Noticed Chudej's ghost (journeyman DECj)
 20777 | D:14     | Killed Chudej's ghost
 20966 | D:15     | Entered Level 15 of the Dungeon
 21038 | D:15     | Found a staircase to the Depths.
 21415 | D:15     | Found a shadowy altar of Dithmenos.
 21432 | D:15     | Received a gift from Trog
 21438 | D:15     | Reached skill level 15 in Fighting
 21835 | Snake:1  | Entered Level 1 of the Snake Pit
 21958 | Snake:1  | Reached skill level 20 in Axes
 22281 | Snake:1  | Reached skill level 15 in Armour
 22985 | Snake:1  | Reached XP level 16. HP: 149/149 MP: 15/15
 23513 | Snake:2  | Received a gift from Trog
 24570 | Snake:3  | Reached skill level 21 in Axes
 24572 | Snake:3  | Noticed Kirke
 24589 | Snake:3  | Killed Kirke
 25193 | Snake:3  | Received a gift from Trog
 25989 | Snake:4  | Entered Level 4 of the Snake Pit
 26176 | Snake:4  | Reached skill level 15 in Dodging
 26258 | Snake:4  | Found Jomeetug's Weapon Emporium.
 26672 | Snake:4  | Reached XP level 17. HP: 159/159 MP: 16/16
 26923 | Snake:4  | Received a gift from Trog
 27669 | Snake:4  | Received a gift from Trog
 27712 | Snake:4  | Reached skill level 22 in Axes
 27913 | Snake:4  | Got a serpentine rune of Zot
 28667 | Vaults:1 | Entered Level 1 of the Vaults
 28686 | Vaults:1 | Found Guilom Sahoz's Antique Armour Emporium.
 28690 | Vaults:1 | Found a ruined gateway.
 28712 | Desolati | Entered the Desolation of Salt
 28946 | Desolati | Received a gift from Trog
 29368 | Desolati | Found the +5 demon whip "Spellbinder" {antimagic, MR+}
 29386 | Desolati | HP: 8/161 [crystal guardian/crystal bolt (44)]
 29389 | Desolati | Slain by a crystal guardian

Skill      XL: |  1  2  3  4  5  6  7  8  9 10 11 12 13 14 15 16 17 |
---------------+----------------------------------------------------+-----
Axes           | 4 5 6 7 9 11 12 14 16 17 19 20 21 22 | 22.7
Fighting       | 4 5 6 7 8 9 11 12 13 14 15 16 17 | 17.1
Armour         | 3 4 5 6 8 9 10 12 13 14 15 16 17 | 17.1
Dodging        | 3 4 5 6 7 8 10 11 12 13 14 15 | 15.9

Action                   |  1- 3 |  4- 6 |  7- 9 | 10-12 | 13-15 | 16-18 || total
-------------------------+-------+-------+-------+-------+-------+-------++-------
Melee: Hand axe          |    99 |   122 |   277 |       |       |       ||   498
       Headbutt          |    15 |    20 |    65 |   123 |   312 |   202 ||   737
       Broad axe         |       |       |    41 |   492 |  1163 |   325 ||  2021
       Scimitar          |       |       |       |    14 |    24 |       ||    38
       Battleaxe         |       |       |       |       |       |   453 ||   453
Throw: Stone             |       |       |     5 |       |       |       ||     5
       Tomahawk          |       |       |       |     3 |     2 |     8 ||    13
Invok: Berserk           |       |     1 |     2 |     4 |     1 |     1 ||     9
       Trog's Hand       |       |     3 |     1 |     8 |     3 |     2 ||    17
       Burn Spellbooks   |       |       |     2 |     2 |     3 |     1 ||     8
Evoke: Wand              |       |       |       |       |       |     2 ||     2
  Use: Scroll            |       |     2 |    10 |    10 |     7 |     1 ||    30
       Potion            |       |       |     3 |     2 |     2 |     3 ||    10
 Stab: Held in net/web   |       |       |     2 |       |       |       ||     2
  Eat: Chunk             |       |     6 |    15 |    20 |    33 |     9 ||    83
       Ration            |       |       |       |     2 |     2 |     4 ||     8
Armor: Animal skin       |     2 |       |       |       |       |       ||     2
       Ring mail         |    42 |    43 |    59 |       |       |       ||   144
       Chain mail        |       |       |    69 |   269 |   524 |   311 ||  1173
Dodge: Dodged            |    50 |    78 |   150 |   294 |   691 |   461 ||  1724
       Rpst.: Scimitar   |       |       |       |     1 |     3 |       ||     4
